AoeStats
← bullseyes

African Clearing

506374879Analyzed
4v4 RM · 18d ago on Sep 13, 2026· 45m 56s· 8 players
Game mode
Random Map
Map size
Large (8 player)
Population
200
Speed
Normal
Resources
Standard
Victory
Conquest
Starting age
Dark Age
Ending age
Imperial Age
RankedLock teamsTeams togetherTeam positionsShared explorationLock speedFull tech treeHidden civsTurbo modeCheats
Victory
Defeat
🇺🇸 Burmese · United States
1669
+11
🇹🇼 Mongols · Taiwan
1664
+11
🇮🇹 Portuguese · Italy
1650
+11
🇧🇪 Wei · Belgium
1607
+12
🇨🇳 Persians · China
1595
-13
🇩🇪 Malians · Germany
1544
-11
🇸🇮 Berbers · Slovenia
1521
-11
🇧🇷 Vietnamese · Brazil
1520
-10
Lastmantillidie
11:17 Loom
13:36 Feudal Age
17:23 Castle Age
15:34 Stone Mining
15:43 Gold Mining
24:15 Town Watch
25:18 Horse Collar
27:58 Padded Archer Armor
29:35 Wheelbarrow
37:31 Imperial Age
35:54 Hand Cart
37:07 Fletching
37:44 Elite Arambai
39:02 Conscription
39:19 Manipur Cavalry
39:49 Parthian Tactics
41:43 Guilds
41:39 Heavy Plow
42:30 Gold Shaft Mining
44:25 Bloodlines
44:16 Husbandry
46:26 Ballistics
47:06 Chemistry
DDDDD
13:14 Feudal Age
14:21 Loom
18:31 Castle Age
16:39 Double-Bit Axe
16:45 Fishing Lines
18:01 Stone Mining
18:02 Gold Mining
19:14 Gillnets
22:05 Fletching
25:07 Horse Collar
27:29 Bodkin Arrow
29:02 Padded Archer Armor
35:35 Leather Archer Armor
36:54 Wheelbarrow
36:05 Town Watch
37:22 Ballistics
37:53 Gold Shaft Mining
38:13 Husbandry
38:24 Bloodlines
39:35 Masonry
39:54 Murder Holes
44:10 Imperial Age
43:55 Elite Skirmisher
45:48 Bow Saw
46:42 Stone Shaft Mining
bullseyes
10:47 Loom
12:39 Feudal Age
16:38 Castle Age
14:47 Double-Bit Axe
15:23 Horse Collar
16:14 Fletching
18:42 Bodkin Arrow
28:34 Wheelbarrow
28:43 Bow Saw
30:17 Town Watch
30:53 Bloodlines
31:16 Husbandry
35:21 Imperial Age
34:24 Hand Cart
35:44 Heavy Plow
35:38 Stone Mining
35:38 Gold Mining
36:08 Tuntian
38:05 Conscription
37:43 Elite Tiger Cavalry
38:57 Treadmill Crane
39:38 Ballistics
40:18 Chemistry
40:02 Scale Barding Armor
40:08 Forging
40:53 Caravan
42:15 Chain Barding Armor
42:30 Iron Casting
42:25 Thumb Ring
42:45 Parthian Tactics
43:04 Masonry
43:54 Ming Guang Armor
44:58 Blast Furnace
43:58 Bracer
GdR_Mark_Landers
11:32 Feudal Age
12:07 Double-Bit Axe
13:35 Fletching
14:29 Loom
19:56 Town Watch
24:58 Castle Age
29:51 Bodkin Arrow
30:28 Horse Collar
36:40 Wheelbarrow
36:17 Heavy Plow
36:38 Gold Mining
37:22 Stone Mining
38:19 Bow Saw
43:24 Imperial Age
41:29 Scale Barding Armor
42:41 Forging
43:16 Murder Holes
44:16 Bloodlines
44:06 Husbandry
44:48 Conscription
44:52 Chain Barding Armor
45:08 Iron Casting
44:14 Cavalier
46:28 Plate Barding Armor
Mr. Weedman
11:25 Loom
13:41 Feudal Age
15:15 Gold Mining
15:23 Stone Mining
17:52 Castle Age
16:47 Double-Bit Axe
20:08 Bow Saw
22:45 Fletching
25:25 Husbandry
25:31 Horse Collar
26:35 Bodkin Arrow
27:58 Wheelbarrow
28:07 Gold Mining
34:13 Imperial Age
31:47 Padded Archer Armor
33:16 Kasbah
33:34 Bloodlines
33:15 Light Cavalry
34:08 Scale Barding Armor
34:13 Forging
35:33 Bracer
35:48 Leather Archer Armor
36:35 Ballistics
39:14 Ring Archer Armor
39:04 Heavy Plow
39:20 Hand Cart
39:29 Forging
41:16 Chemistry
41:27 Chain Barding Armor
41:26 Thumb Ring
41:23 Heavy Camel Rider
44:06 Plate Barding Armor
44:05 Conscription
45:34 Iron Casting
Sorrateiro
2:57 Loom
14:44 Feudal Age
15:50 Town Watch
18:13 Castle Age
16:58 Double-Bit Axe
17:05 Gold Mining
17:48 Town Watch
18:21 Fletching
19:50 Bow Saw
24:18 Padded Archer Armor
24:15 Bodkin Arrow
34:01 Imperial Age
33:44 Padded Archer Armor
34:08 Ballistics
36:34 Imperial Age
35:53 Leather Archer Armor
36:31 Horse Collar
44:20 Bracer
VeryNiceToMeetYou
13:04 Feudal Age
12:19 Loom
17:03 Castle Age
16:00 Double-Bit Axe
18:00 Bow Saw
21:35 Horse Collar
23:20 Fletching
骑人机的骑士
13:12 Feudal Age
12:22 Loom
17:17 Castle Age
15:24 Double-Bit Axe
21:34 Fletching
42:06 Gold Mining
42:37 Horse Collar
43:26 Bow Saw
Connection lost

Rejoining the realm…

Still unreachable

The connection could not be restored.

Session expired

The server has moved on; the page needs a fresh start.